Map: Equilibrium LE

Players

SubN

  • Race: Zerg Zerg
  • League: Diamond
  • Spawn Location: 1:00

HATE - Winner!

  • Race: Terran Terran
  • League: Diamond
  • Spawn Location: 11:00

VOD

Have the link to the VOD?

Description

Time

  • Played on: Jan. 22, 2024, 6:16 p.m.
  • Length: 8:12
Show
View Real Time Build Order
Export as new Build Order

SubN Zerg 

Build Orders: Hatch First 

Get SALT Encoding   

  12  0:00  Drone  
  13  0:12  Overlord  
  13  0:16  Drone  
  14  0:30  Drone x2  
  14  0:34  Drone  
  17  0:52  Hatchery  
  16  0:59  Drone  
  16  1:00  Drone  
  18  1:14  Drone, Spawning Pool  
  18  1:19  Drone  
  19  1:30  Extractor  
  19  1:31  Drone  
  19  1:39  Overlord  
  19  1:55  Drone  
  20  2:01  Queen  
  20  2:03  Queen  
  20  2:04  Zergling x2  
  20  2:05  Zergling x2  
  26  2:15  Zergling x4  
  28  2:23  Drone  
  28  2:25  Drone  
  30  2:38  Metabolic Boost  
  30  2:44  Queen  
  30  2:46  Queen  
  30  2:49  Drone x2  
  36  2:59  Hatchery  
  36  3:03  Drone  
  36  3:07  Overlord  
  36  3:11  Overlord  
  36  3:27  Drone x6  
  36  3:28  Drone  
  36  3:31  Drone  
  36  3:33  Drone  
  45  3:35  Drone  
  45  3:41  Overlord  
  46  3:48  Drone  
  47  3:52  Roach Warren  
  49  3:55  Drone x4  
  49  4:00  Drone x2  
  52  4:07  Drone x3  
  55  4:12  Spore Crawler  
  55  4:13  Spore Crawler x2  
  55  4:16  Spore Crawler  
  51  4:18  Spore Crawler  
  51  4:21  Spore Crawler  
  51  4:23  Drone  
  51  4:24  Drone x2  
  51  4:29  Extractor  
  51  4:30  Extractor  
  50  4:32  Lair  
  50  4:44  Drone x7  
  50  4:45  Drone  
  58  4:49  Overlord  
  58  4:53  Overlord  
  58  5:03  Overlord x2  
  58  5:06  Queen  
  58  5:09  Drone  
  61  5:14  Drone, Extractor  
  61  5:21  Drone  
  61  5:22  Drone  
  61  5:24  Drone x3  
  61  5:25  Drone x3  
  61  5:26  Baneling Nest  
  68  5:35  Roach x7  
  82  5:45  Evolution Chamber  
  82  5:47  Queen  
  82  5:48  Evolution Chamber, Queen  
  85  5:50  Drone x3  
  85  5:52  Drone  
  88  5:58  Drone x2  
  88  5:59  Overlord x3  
  90  6:10  Spore Crawler x2  
  88  6:14  Spore Crawler  
  83  6:26  Spore Crawler  
  83  6:29  Ravager  
  83  6:30  Ravager x5  
  84  6:49  Drone x13  
  87  7:10  Queen  
  87  7:12  Spire  
  88  7:18  Spore Crawler  
  88  7:19  Spore Crawler  
  87  7:30  Roach x6  
  99  7:43  Hatchery  
  98  7:47  Spore Crawler  
  98  7:48  Spore Crawler  
Show
View Real Time Build Order
Export as new Build Order

HATE Terran - Winner!

Build Orders: 1/1/1 

Get SALT Encoding   

  12  0:02  SCV  
  13  0:14  SCV  
  14  0:26  Supply Depot  
  14  0:31  Refinery  
  14  0:32  Refinery  
  14  0:36  SCV  
  15  0:50  Barracks  
  15  0:55  SCV  
  16  1:07  SCV  
  17  1:19  SCV  
  18  1:38  Marine, Factory  
  19  1:42  Orbital Command  
  19  1:57  Marine  
  20  2:23  Starport  
  20  2:38  Command Center, SCV  
  20  2:41  Factory Tech Lab  
  21  2:51  SCV  
  22  3:00  Fusion Core  
  22  3:03  SCV  
  23  3:09  Supply Depot  
  23  3:13  Starport Tech Lab  
  23  3:41  SCV  
  24  3:46  Battlecruiser  
  30  3:56  Weapon Refit  
  30  4:06  Orbital Command  
  30  4:10  SCV  
  30  4:13  Supply Depot  
  31  4:18  Refinery  
  31  4:26  Refinery  
  31  4:51  Battlecruiser  
  37  4:53  SCV x2  
  39  5:00  Engineering Bay  
  39  5:04  Siege Tank  
  42  5:09  SCV x2  
  44  5:18  Supply Depot  
  44  5:29  SCV x2  
  44  5:34  Missile Turret  
  46  5:37  Missile Turret  
  46  5:41  Barracks Reactor  
  46  5:58  Battlecruiser  
  52  6:39  Siege Tank  
  61  7:24  Supply Depot  
  61  7:27  Supply Depot  
  61  7:28  Supply Depot  
Tags
 
Add a new tag
Caveats
  • Supply blocks, unpowered buildings, or Contaminate may cause inaccurate times.
  • Supply counts are checked every 10 seconds.